 Dungeon Crawl Stone Soup version 0.13.0-6-g40e4d2d (webtiles) character file.

598 Piginabag the Chiller (level 6, -2/45 HPs)
             Began as a Demigod Ice Elementalist on Oct 15, 2013.
             Slain by a sky beast (5 damage)
             ... on Level 5 of the Dungeon.
             The game lasted 00:26:18 (4425 turns).

Piginabag the Chiller (Demigod Ice Elementalist)    Turns: 4425, Time: 00:26:18

HP  -2/45        AC  2     Str 12      XL: 6   Next: 81%
MP  15/18        EV 13     Int 22      God:
Gold 43          SH  0     Dex 17      Spells:  3 memorised,  5 levels left

Res.Fire  : . . .   See Invis. : .   e - +0 dagger
Res.Cold  : . . .   Warding    : .   a - +0 robe (curse)
Life Prot.: . . .   Conserve   : .   (no shield)
Res.Poison: .       Res.Corr.  : .   (no helmet)
Res.Elec. : .       Clarity    : .   (no cloak)
Sust.Abil.: . .     Spirit.Shd : .   (no gloves)
Res.Mut.  : .       Stasis     : .   (no boots)
Res.Rott. : .       Flight     : .   (no amulet)
Saprovore : . . .                    (no ring)
                                     (no ring)

@: slightly resistant to hostile enchantments, fairly stealthy
A: no striking features
a: no special abilities


You were on level 5 of the Dungeon.
You were not hungry.

You visited 1 branch of the dungeon, and saw 5 of its levels.

You collected 23 gold pieces.

Inventory:

Hand weapons
 e - a +0,+0 dagger (weapon)
Armour
 a - a cursed +0 robe (worn)
Magical devices
 y - a wand of hasting (7)
Comestibles
 c - 2 bread rations
 d - a pear
 n - a chunk of hobgoblin flesh
Scrolls
 h - 2 scrolls of teleportation
 j - 3 scrolls of identify
 m - a scroll of fog {unknown}
 o - 3 scrolls of enchant weapon I {unknown}
 q - 2 scrolls of amnesia {unknown}
 s - a scroll of enchant armour {unknown}
 t - 4 scrolls of remove curse {unknown}
Potions
 f - a potion of restore abilities {unknown}
 i - 2 potions of invisibility {unknown}
 k - a potion of degeneration {unknown}
 l - 2 potions of confusion {unknown}
 p - 4 potions of curing
 r - a potion of magic
 u - a potion of agility {unknown}
 v - a potion of poison {unknown}
Books
 b - a book of Frost

   Spells                             Type                      Level
   *Freeze                            Ice                          1
   Throw Frost                        Conjuration/Ice              2
   *Ozocubu's Armour                  Charms/Ice                   3
   Throw Icicle                       Conjuration/Ice              4
   *Summon Ice Beast                  Ice/Summoning                4
   Condensation Shield                Ice                          4


   Skills:
 + Level 0.1 Fighting
 + Level 3.1 Dodging
 + Level 1.9 Stealth
 + Level 4.1 Spellcasting
   Level 0.8 Conjurations
 + Level 0.1 Charms
 + Level 1.1 Summonings
 + Level 4.7 Ice Magic


You had 5 spell levels left.
You knew the following spells:

 Your Spells              Type           Power        Failure   Level  Hunger
a - Freeze                Ice            ####         1%          1    None
b - Ozocubu's Armour      Chrm/Ice       ###.......   12%         3    ###....
c - Summon Ice Beast      Ice/Summ       ###.......   34%         4    ####...


Dungeon Overview and Level Annotations

Branches:
Dungeon (5/27)
 Temple: D:4-7


Message History

It shocks you.
* * * LOW HITPOINT WARNING * * *
Casting: Freeze
Confirm with . or Enter, or press ? or * to list all spells.
Aiming: Freeze
Press: ? - help, Shift-Dir - straight line, f/p - adder
Aim: an adder (severely wounded, moving slowly)
You freeze the adder.
You kill the adder!
It hits you.
* * * LOW HITPOINT WARNING * * *
It shocks you!
* * * LOW HITPOINT WARNING * * *
Drink which item? (? for menu, Esc to quit)
You feel better. It hits you. It shocks you!
* * * LOW HITPOINT WARNING * * *
You start resting.
It hits you.
* * * LOW HITPOINT WARNING * * *
It shocks you.
You die...

#.##.# ##......#.......
#.##.. ....#########.##
#.#### ##.## #.# #.# ##+##
#.# #.# ##...## ####.## #.#
##.....## #...... ##.##
##.......## #.#..##
##...####.........###....##
#.......'.@.......'........
##...####....$....###.....#
##.## ##.......## #.#.#..
##.# ##.....## #.#.#.# #..#
##...## #.#..>. #.## ##+##
#...... #.# # #####.# ##.##
######.# #.#
#..%####...<..# #.#


There were no monsters in sight!

Vanquished Creatures
  Eustachio (D:5)
  Menkaure (D:4)
  An ogre (D:4)
  A hound (D:4)
  3 worker ants (D:4)
  7 adders
  3 worms
  4 giant geckos
  An ooze (D:2)
  2 orcs
  A giant cockroach (D:2)
  3 goblins
  6 hobgoblins
  A ball python (D:4)
  7 bats
  A giant gecko skeleton (D:4)
  2 giant newts
  7 kobolds
  7 rats
59 creatures vanquished.

Vanquished Creatures (collateral kills)
  A crimson imp (D:5)
  3 gnolls (D:4)
  An ufetubus (D:5)
  A kobold (D:4)
6 creatures vanquished.

Vanquished Creatures (others)
  An ice beast (D:4)
1 creature vanquished.

Grand Total: 66 creatures vanquished

Notes
Turn   | Place    | Note
--------------------------------------------------------------
     0 | D:1      | Piginabag, the Demigod Ice Elementalist, began the quest for the Orb.
     0 | D:1      | Reached XP level 1. HP: 14/14 MP: 5/5
   629 | D:2      | Reached XP level 2. HP: 20/20 MP: 1/6
   703 | D:2      | Reached skill level 3 in Ice Magic
   955 | D:2      | Reached XP level 3. HP: 22/26 MP: 1/9
  1625 | D:3      | Learned a level 3 spell: Ozocubu's Armour
  1766 | D:3      | Reached XP level 4. HP: 26/33 MP: 9/12
  2467 | D:4      | Found a sparkling altar of Nemelex Xobeh.
  2559 | D:4      | Noticed an ogre
  2570 | D:4      | Killed an ogre
  2570 | D:4      | Reached skill level 4 in Ice Magic
  2570 | D:4      | Reached XP level 5. HP: 20/38 MP: 9/14
  3551 | D:4      | Learned a level 4 spell: Summon Ice Beast
  3630 | D:4      | Noticed Menkaure
  3647 | D:4      | Killed Menkaure
  3647 | D:4      | Reached XP level 6. HP: 17/45 MP: 1/18
  4026 | D:4      | Noticed a spatial vortex
  4038 | D:5      | Entered Level 5 of the Dungeon
  4302 | D:5      | Noticed Eustachio
  4312 | D:5      | Killed Eustachio
  4312 | D:5      | Reached skill level 1 in Summonings
  4425 | D:5      | Slain by a sky beast

Action                   |  1- 3 |  4- 6 || total
-------------------------+-------+-------++-------
Melee: Dagger            |    27 |    55 ||    82
       Unarmed           |     3 |       ||     3
 Cast: Freeze            |    55 |    71 ||   126
       Ozocubu's Armour  |       |     5 ||     5
       Summon Ice Beast  |       |     5 ||     5
  Use: Scroll            |       |     4 ||     4
       Potion            |       |     3 ||     3
